 Dungeon Crawl Stone Soup version 0.27.1-33-g824d729ab1 (webtiles) character file.

Game seed: 9391825330998483569

1159 H0rd4k the Cutter (level 8, -4/56 (61) HPs)
             Began as a Human Artificer on Nov 26, 2021.
             Was an Initiate of Gozag.
             Slain by an orc warrior (15 damage)
             ... on level 7 of the Dungeon.
             The game lasted 00:13:12 (9886 turns).

H0rd4k the Cutter (Human Artificer)                 Turns: 9886, Time: 00:13:13

HP:   -4/56 (61)    AC:  7    Str: 17    XL:     8   Next: 66%
MP:   8/8           EV: 13    Int: 12    God:    Gozag
Gold: 165           SH:  0    Dex: 16    Spells: 7/7 levels left

rFire    . . .     SeeInvis .   w - +2 dagger (venom)
rCold    . . .     Faith    .   (no shield)
rNeg     + . .     Spirit   .   b - +1 leather armour
rPois    +         Reflect  .   (no helmet)
rElec    .         Harm     .   (no cloak)
rCorr    .         Rampage  .   (no gloves)
Will     .....                  x - +2 pair of boots "Butumog" {rPois Str+3 Dex+2}
Stlth    ++........             (no amulet)
HPRegen  0.18/turn              u - ring of positive energy
MPRegen  0.11/turn              (no ring)

@: drained
A: no striking features
a: Renounce Religion, Potion Petition, Call Merchant, Bribe Branch


You were on level 7 of the Dungeon.
You worshipped Gozag.
Gozag was aware of your devotion.
You visited 2 branches of the dungeon, and saw 8 of its levels.
You also visited: Sewer.

You collected 260 gold pieces.
You paid 95 gold pieces to Gozag.

Inventory:

Hand Weapons
 d - a +6 falchion
 h - a +0 short sword
 n - a +3 dagger
 w - a +2 dagger of venom (weapon)
Missiles
 g - a throwing net
Armour
 b - a +1 leather armour (worn)
 x - the +2 pair of boots "Butumog" (worn) {rPois Str+3 Dex+2}
   (You found it on level 5 of the Dungeon)

   Str:       It affects your strength (+3).
   Dex:       It affects your dexterity (+2).
   rPois:     It protects you from poison.
Jewellery
 u - a ring of positive energy (left hand)
Wands
 c - a wand of flame (1) (quivered)
 q - a wand of polymorph (9)
Scrolls
 a - a scroll of magic mapping
 j - 3 scrolls of enchant armour
 l - 3 scrolls of teleportation
 o - a scroll of fear
Potions
 f - a potion of magic
 k - 5 potions of flight
 m - 5 potions of curing {unknown}
 p - 3 potions of mutation
 r - a potion of haste
 s - 2 potions of attraction
 v - 2 potions of heal wounds
Miscellaneous
 e - a piece from Xom's chessboard (15/15)


   Skills:
 + Level 4.6 Fighting
 + Level 5.8 Short Blades
 - Level 2.0 Armour
 + Level 4.6 Dodging
 - Level 1.0 Stealth
 + Level 4.8 Evocations


You had 7 spell levels left.
You didn't know any spells.
Your spell library contained the following spells:

 Spells                   Type           Power      Damage    Failure   Level
 Freeze                   Ice            0%         1d3       36%         1
 Frozen Ramparts          Ice            0%         1d2       75%         3
 Hailstorm                Conj/Ice       0%         3d3       98%         4
 Freezing Cloud           Conj/Ice/Air   0%         6-21      100%        5
 Simulacrum               Ice/Necr       0%         N/A       100%        6
 Polar Vortex             Ice            0%         N/A       100%        9


Dungeon Overview and Level Annotations

Branches:
Dungeon (7/15)             Temple (1/1) D:7           Sewer (visited)

Altars:
Elyvilon
Gozag
Hepliaklqana
Qazlal
Sif Muna
Trog
Yredelemnul
Zin

Shops:
D:7 [

Annotations:
D:3 exclusion: 2 downstairs
D:4 exclusion: downstairs
D:5 exclusion: 2 downstairs
D:6 Blork the orc, Pikel
D:7 exclusion: upstairs


Message History

You climb upwards.
Welcome back to the Dungeon!
Level annotation: exclusion: upstairs
There is a staircase to the Ecumenical Temple here.
An orc comes into view. It is wielding a +0 war axe.
There is an open door here.
An orc is nearby!
The orc warrior shouts!
The orc shouts!
You barely miss the orc. The orc hits you but does no damage.
You hit the orc but do no damage.
The orc is poisoned.
The orc hits you with a +0 war axe!
The orc warrior hits you but does no damage.
You hit the orc.
The orc looks even sicker.
The orc is severely wounded.
The orc warrior misses you. The orc closely misses you.
You kill the orc!
Found a stone staircase leading up.
The orc wizard mumbles some strange words.
The orc wizard flickers and vanishes!
Deactivating autopickup; reactivate with Ctrl-A.
Found 7 gold pieces.
The orc warrior hits you with a +0 glaive!
You hit the orc warrior but do no damage.
The orc warrior is poisoned.
You hit the orc warrior but do no damage.
The orc warrior looks as sick as possible!
The orc warrior closely misses you.
You hear some strange, mumbled words.
A puff of flame appears from out of thin air!
The puff of flame hits you.
You hit the orc warrior.
The orc warrior looks as sick as possible!
The orc warrior is moderately wounded.
The orc warrior hits you with a +0 glaive!!
* * * LOW HITPOINT WARNING * * *
Something hits you.
* * * LOW HITPOINT WARNING * * *
The orc warrior hits you from afar with a +0 glaive!
You die...
Your body crumbles into a pile of gold.

....##P.P###...#......
.....##'####...#...#
........# #........#
###....$###........#
##...#...........#
#.......#.####...#
##......#### #...#
###...#..#..#.##..#
#.....##....$..@..#
###...###....###...# ##....#
#..# #####o# .....##
##.###.##..# ...#..#
#..........# ..##..#
##...####..# ..♣♣
......####....#....# ....♣
#.##.......#.......# ....#
..##.......#...#.#.###....##


You could see an orc warrior (extremely poisoned).

Vanquished Creatures
  Eustachio (D:4)
  An ice beast (D:5)
  A sky beast (D:6)
  An ogre (D:4)
  2 lemures (D:5)
  A howler monkey (D:5)
  2 wights (D:5)
  3 hounds
  A jelly (D:3)
  An orc priest (D:3)
  6 iguanas
  Natasha (thrice) (D:3)
  Robin (D:3)
  3 adders
  3 gnolls (D:3)
  A shadow imp (D:6)
  A white imp (D:7)
  An ufetubus (D:4)
  An adder skeleton (D:4)
  4 worms
  2 dart slugs
  8 orcs
  16 ball pythons
  8 endoplasms
  A giant cockroach (D:1)
  8 hobgoblins
  13 jackals
  A quokka (D:4)
  13 bats
  2 frilled lizards
  9 goblins
  4 kobolds
  9 rats
132 creatures vanquished.

Vanquished Creatures (collateral kills)
  2 hound skeletons (D:4)
  A worm (D:4)
  2 orcs
  3 giant cockroaches
  4 jackals (D:3)
  A bat (Sewer)
13 creatures vanquished.

Vanquished Creatures (others)
  A wight (D:6)
  An orc wizard (D:3)
  An orc (D:3)
  A ball python (Sewer)
4 creatures vanquished.

Grand Total: 149 creatures vanquished

Notes
Turn   | Place    | Note
-------+----------+-------------------------------------------
     0 | D:1      | H0rd4k the Human Artificer began the quest for the Orb.
     0 | D:1      | Reached XP level 1. HP: 15/15 MP: 1/1
   369 | D:1      | Reached XP level 2. HP: 17/21 MP: 2/2
   904 | D:1      | Reached XP level 3. HP: 26/26 MP: 3/3
  2356 | D:3      | Reached XP level 4. HP: 4/32 MP: 4/4
  2403 | D:3      | Found a glowing drain.
  2417 | D:3      | Reached skill level 1 in Short Blades
  2431 | Sewer    | Entered a sewer
  3758 | D:3      | Reached XP level 5. HP: 38/38 MP: 5/5
  4194 | D:3      | Found a faded altar of an unknown god.
  4209 | D:3      | Noticed a shining eye
  4211 | D:3      | Noticed an eye of devastation
  4211 | D:3      | Noticed a great orb of eyes
  4211 | D:3      | Noticed a floating eye
  4241 | D:3      | Noticed Natasha
  4256 | D:3      | Killed Natasha
  4257 | D:3      | Reached skill level 2 in Short Blades
  4721 | D:3      | Noticed Natasha
  4731 | D:3      | Killed Natasha
  4892 | D:3      | Reached XP level 6. HP: 6/46 MP: 6/6
  5178 | D:3      | Noticed Natasha
  5183 | D:3      | Killed Natasha
  5375 | D:3      | Noticed Robin
  5400 | D:3      | Killed Robin
  5638 | D:3      | Reached skill level 3 in Short Blades
  5751 | D:3      | Found a hazy altar of Hepliaklqana.
  5917 | D:4      | Noticed an ogre
  6279 | D:4      | Noticed Eustachio
  6493 | D:4      | Reached XP level 7. HP: 38/52 MP: 7/7
  6804 | D:4      | Reached skill level 4 in Short Blades
  6897 | D:4      | Killed Eustachio
  7247 | D:5      | Entered Level 5 of the Dungeon
  7599 | D:5      | Reached skill level 5 in Short Blades
  7599 | D:5      | Reached XP level 8. HP: 24/60 MP: 8/8
  8443 | D:5      | Identified the +2 pair of boots "Butumog" {rPois Str+3
                  | Dex+2}
  8470 | D:6      | Noticed Blork the orc
  8500 | D:6      | Noticed Pikel
  9654 | D:7      | Found Hemm's Armour Emporium.
  9827 | D:7      | Found a staircase to the Ecumenical Temple.
  9833 | Temple   | Entered the Ecumenical Temple
  9841 | Temple   | Became a worshipper of Gozag Ym Sagoz the Greedy
  9886 | D:7      | Slain by an orc warrior

Illustrated notes

Levels and vault maps discovered:
D:1:      lemuel_arrival_broad_hall, layout_basic
D:2:      layout_rooms
D:3:      layout_loops_ring, overflow_temple_1_default,
          cheibrodos_sewer_entry_bend, hellmonk_ecumenical_altar_watching_god,
          uniq_robin, uniq_natasha
D:4:      layout_rooms, uniq_eustachio
D:5:      layout_loops_ring
D:6:      layout_rooms, uniq_pikel, uniq_maggie, uniq_blork_the_orc
D:7:      layout_cave_pools, minmay_temple_entry_enclosed_plants, serial_shops,
          nicolae_stop_n_shop_2, doesnt_shop_hydraphobe, uniq_crazy_yiuf_cottage
Temple:   compressed_dpeg_circular_temple

Skill      XL: |  1  2  3  4  5  6  7  8 |
---------------+-------------------------+-----
Evocations     | 4 |  4.8
Short Blades   | 1 2 3 5 |  5.8
Dodging        | 2 3 4 |  4.6
Fighting       | 2 3 4 |  4.6
Armour         | |  2.0
Stealth        | |  1.0

Action                   |  1- 3 |  4- 6 |  7- 9 || total
-------------------------+-------+-------+-------++-------
Melee: Club              |    43 |       |       ||    43
       Short sword       |   110 |       |       ||   110
       Dagger            |       |   280 |   203 ||   483
Evoke: Wand              |     4 |    18 |     8 ||    30
       Piece from Xom's  |       |       |     1 ||     1
  Use: Potion            |       |     1 |       ||     1
       Scroll            |       |       |    10 ||    10
 Stab: Sleeping          |     3 |     6 |     1 ||    10
       Distracted        |       |     1 |       ||     1
Armor: Leather armour    |    43 |    71 |    34 ||   148
Dodge: Dodged            |   112 |   236 |   127 ||   475
